Map: Acid Plant LE

Players

Crow

  • Race: Zerg Zerg
  • Spawn Location: 11:00

JonSnow - Winner!

  • Race: Zerg Zerg
  • Spawn Location: 5:00

Event: WCS Montreal 2018

VOD

Have the link to the VOD?

Description

Time

  • Played on: Sept. 7, 2018, 4:46 p.m.
  • Length: 9:24

All games in this series

Show
View Real Time Build Order
Export as new Build Order

Crow Zerg 

Build Orders: Hatch First, Zergling Baneling 

Get SALT Encoding   

  12  0:00  Drone  
  13  0:12  Overlord  
  13  0:17  Drone  
  14  0:30  Drone x2  
  16  0:49  Hatchery  
  15  0:51  Drone  
  15  0:55  Drone  
  17  0:58  Drone  
  18  1:09  Extractor  
  17  1:14  Spawning Pool  
  17  1:16  Drone  
  17  1:20  Drone  
  18  1:27  Drone  
  19  1:38  Drone  
  20  1:50  Drone  
  21  2:00  Queen x2  
  25  2:01  Drone, Overlord  
  26  2:09  Metabolic Boost  
  26  2:12  Zergling x4  
  29  2:22  Drone  
  29  2:23  Drone  
  30  2:35  Hatchery  
  29  2:40  Drone  
  29  2:43  Baneling Nest  
  29  2:48  Overlord  
  29  2:50  Zergling x2  
  30  2:54  Drone  
  30  2:56  Zergling x2  
  32  2:59  Zergling x2  
  33  3:06  Queen  
  33  3:11  Drone x2  
  37  3:15  Drone  
  39  3:23  Extractor  
  39  3:28  Hatchery  
  39  3:30  Drone x2  
  39  3:31  Overlord  
  40  3:35  Baneling  
  40  3:36  Baneling  
  40  3:37  Zergling x6  
  43  3:43  Zergling x2  
  43  3:44  Baneling x2  
  44  3:48  Overlord  
  44  3:52  Drone x2  
  46  3:57  Evolution Chamber  
  46  4:01  Zergling x2  
  45  4:04  Baneling  
  45  4:06  Zergling x6  
  43  4:11  Drone  
  43  4:12  Drone  
  44  4:17  Zergling x2  
  44  4:18  Zergling x4  
  44  4:23  Baneling  
  44  4:24  Baneling  
  47  4:25  Zergling x4  
  41  4:34  Drone  
  41  4:35  Zergling x6  
  45  4:45  Zergling x2  
  46  4:46  Zergling x4  
  47  4:53  Zergling x6  
  47  4:54  Baneling  
  47  4:57  Zergling x2  
  49  5:02  Zergling x6  
  49  5:03  Zergling x2  
  49  5:17  Drone  
  49  5:18  Drone  
  50  5:21  Zerg Missile Weapons Level 1  
  50  5:23  Drone x2  
  52  5:29  Drone x6  
  57  5:38  Drone x2  
  57  5:39  Drone x2  
  57  5:42  Lair  
  60  5:45  Drone x2  
  60  5:48  Overlord  
  62  5:51  Drone  
  62  5:54  Baneling x2  
  62  5:55  Drone x2  
  65  5:58  Drone  
  65  6:00  Overlord  
  65  6:05  Roach Warren  
  65  6:06  Zergling x2  
  65  6:07  Zergling x2  
  65  6:08  Zergling x2  
  67  6:14  Baneling x4  
  67  6:16  Zergling x8  
  68  6:26  Zergling x6  
  68  6:31  Drone x5  
  64  6:36  Drone x3  
  64  6:40  Drone  
  64  6:43  Drone x2  
  64  6:45  Extractor  
  64  6:46  Extractor, Drone  
  66  6:48  Drone  
  63  7:01  Drone x4  
  63  7:02  Drone x4  
  63  7:05  Overlord  
  69  7:09  Drone  
  69  7:10  Drone  
  69  7:14  Roach  
  69  7:15  Roach x3  
  77  7:19  Overlord  
  77  7:22  Spine Crawler  
  76  7:24  Roach  
  76  7:25  Roach  
  76  7:28  Roach x2  
  84  7:34  Roach  
  84  7:35  Roach  
  88  7:38  Roach x2  
  88  7:40  Roach  
  92  7:44  Roach  
  92  7:46  Roach  
  90  7:51  Roach  
  90  7:52  Roach x2  
  90  7:54  Overlord  
  96  7:59  Ravager  
  97  8:08  Overlord x2  
  97  8:17  Overlord x2  
  97  8:18  Roach x2  
  99  8:21  Overlord  
  99  8:22  Roach  
  99  8:23  Roach  
  103  8:28  Roach  
  103  8:29  Zergling x4  
  103  8:32  Roach  
  103  8:33  Roach  
  111  8:36  Roach  
  111  8:39  Roach  
  115  8:43  Roach  
  115  8:44  Roach  
  115  8:48  Roach  
  121  8:52  Roach  
  121  8:56  Roach x2  
  121  9:01  Zergling x2, Roach  
  121  9:02  Zergling x10  
Show
View Real Time Build Order
Export as new Build Order

JonSnow Zerg - Winner!

Build Orders: Hatch First, Zergling Baneling 

Get SALT Encoding   

  12  0:00  Drone  
  13  0:12  Overlord  
  13  0:18  Drone  
  14  0:30  Drone x2  
  16  0:35  Drone  
  17  0:51  Hatchery  
  17  0:56  Drone  
  17  0:58  Drone  
  18  1:09  Extractor  
  17  1:12  Spawning Pool  
  17  1:16  Drone  
  17  1:20  Drone  
  18  1:28  Drone  
  19  1:39  Drone  
  20  1:49  Overlord  
  20  2:00  Queen  
  22  2:03  Zergling x4, Queen  
  26  2:10  Metabolic Boost  
  26  2:12  Drone  
  28  2:15  Drone  
  28  2:23  Drone  
  28  2:25  Drone  
  30  2:38  Drone  
  30  2:39  Hatchery  
  30  2:44  Drone x2  
  30  2:49  Baneling Nest  
  31  2:51  Drone  
  31  2:55  Overlord  
  32  3:01  Overlord  
  32  3:08  Zergling x6  
  32  3:12  Zergling x2  
  36  3:19  Zergling x8  
  38  3:27  Zergling x2  
  38  3:30  Queen  
  38  3:31  Overlord  
  41  3:36  Zergling x2  
  41  3:40  Zergling x4  
  44  3:45  Baneling x2  
  44  3:50  Zergling x4  
  44  3:53  Drone  
  46  4:01  Baneling x2  
  45  4:04  Zergling x6  
  45  4:11  Zergling x2  
  42  4:20  Drone x5  
  47  4:30  Baneling x4  
  45  4:34  Drone x4  
  49  4:39  Baneling  
  49  4:40  Zergling x2  
  50  4:48  Zergling x4  
  50  4:49  Zergling x14  
  59  4:59  Zergling x2  
  58  5:00  Queen, Overlord x2  
  58  5:01  Queen  
  58  5:04  Zergling x4  
  60  5:10  Baneling x3  
  59  5:15  Drone  
  59  5:16  Drone x6  
  59  5:18  Overlord  
  65  5:29  Extractor x2  
  65  5:30  Roach Warren  
  65  5:34  Zergling x2  
  65  5:35  Zergling x8  
  67  5:36  Baneling x2  
  67  5:40  Drone x2  
  67  5:42  Baneling  
  65  5:44  Overlord  
  65  5:46  Drone  
  65  5:47  Drone  
  67  5:52  Baneling  
  67  5:58  Drone x3  
  67  5:59  Drone x2  
  72  6:04  Overlord  
  72  6:05  Evolution Chamber  
  71  6:18  Overlord  
  71  6:20  Zergling x4  
  71  6:21  Zergling x12  
  75  6:32  Roach  
  71  6:33  Roach x4  
  71  6:36  Zerg Missile Weapons Level 1  
  71  6:38  Drone x3  
  71  6:39  Drone  
  80  6:40  Baneling x2  
  80  6:44  Baneling x3  
  80  6:46  Drone  
  81  6:55  Roach x4  
  81  6:56  Zergling x2  
  90  7:01  Zergling x10  
  90  7:06  Drone x2  
  94  7:09  Baneling x2  
  94  7:11  Drone x3  
  94  7:13  Overlord  
  94  7:15  Extractor  
  95  7:16  Extractor  
  95  7:18  Drone x4  
  95  7:19  Lair  
  95  7:20  Overlord  
  98  7:27  Baneling x2  
  98  7:28  Overlord  
  98  7:36  Roach x5  
  107  7:43  Roach x3  
  110  7:46  Overlord  
  110  7:51  Drone x3  
  110  7:52  Extractor, Drone x2  
  111  8:00  Drone x5  
  116  8:06  Overlord  
  116  8:07  Drone x3  
  116  8:08  Hatchery  
  117  8:21  Spire  
  117  8:23  Roach x4  
  117  8:24  Overseer  
  117  8:27  Overlord  
  123  8:35  Roach x5  
  133  8:41  Baneling  
  133  8:43  Roach x4  
  141  8:51  Drone x2  
  141  8:54  Overlord  
  143  8:56  Overlord  
  143  8:57  Roach  
  143  8:58  Roach  
  147  9:04  Overlord  
Tags
 
Add a new tag
Caveats
  • Supply blocks, unpowered buildings, or Contaminate may cause inaccurate times.
  • Supply counts are checked every 10 seconds.